 Dungeon Crawl Stone Soup version 0.31-a0-117-g42d8f58691 (webtiles) character file.

Game seed: 14515476608983614418

675 mopl the Magician (level 7, -2/41 HPs)
             Began as a Deep Elf Ice Elementalist on May 30, 2023.
             Slain by a phantom (5 damage)
             ... on level 5 of the Dungeon.
             The game lasted 00:09:38 (4072 turns).

mopl the Magician (Deep Elf Ice Elementalist)       Turns: 4072, Time: 00:09:39

Health: -2/41      AC:  3    Str:  5    XL:     7   Next: 33%
Magic:  1/19       EV:  9    Int: 22    God:
Gold:   139        SH:  8    Dex: 15    Spells: 12/19 levels left

rFire   . . .        e - +0 spear (venom)
rCold   . . .        a - +0 kite shield
rNeg    + . .        v - +0 robe {rN+}
rPois   +            y - +0 helmet
rElec   .            (no cloak)
rCorr   .            (no gloves)
SInv    .            (no boots)
Will    .....        (no amulet)
Stlth   ++           c - ring of wizardry
HPRegen 0.26/turn    A - ring of poison resistance
MPRegen 0.16/turn

%: wizardry (x1)
@: no status effects
A: no striking features
a: no special abilities


You were on level 5 of the Dungeon.
You visited 1 branch of the dungeon, and saw 5 of its levels.

You collected 223 gold pieces.
You spent 84 gold pieces at shops.

Inventory:

Hand Weapons
 e - a +0 spear of venom (weapon)
 i - a +2 dagger of draining
Missiles
 k - a throwing net
 l - 5 poisoned darts
 z - 2 boomerangs of dispersal
Armour
 a - a +0 kite shield (worn)
 v - a +0 robe of positive energy (worn)
 y - a +0 helmet (worn)
Jewellery
 c - a ring of wizardry (left hand)
 o - a ring of wizardry
 A - a ring of poison resistance (right hand)
 B - a ring of magical power
Scrolls
 d - a scroll of fog {unknown}
 f - a scroll of noise {unknown}
 g - 3 scrolls of identify {unknown}
 j - a scroll of fear {unknown}
 m - a scroll of summoning {unknown}
 n - a scroll of blinking {unknown}
 p - a scroll of torment {unknown}
 q - a scroll of magic mapping {unknown}
 r - a scroll of immolation {unknown}
 s - a scroll of vulnerability {unknown}
 t - 2 scrolls of teleportation {unknown}
 u - a scroll of enchant weapon {unknown}
 w - a scroll of amnesia {unknown}
Potions
 b - a potion of magic
 h - a potion of might {unknown}
 x - a potion of mutation {unknown}


   Skills:
 + Level 3.1 Fighting
 - Level 2.4 Dodging
 - Level 2.4 Stealth
 + Level 1.7 Shields
 + Level 6.6 Spellcasting
 + Level 6.6 Ice Magic


You had 12 spell levels left.
You knew the following spells:

 Your Spells              Type           Power      Damage    Failure   Level
a - Freeze                Ice            100%       1d10      2%          1
b - Frozen Ramparts       Ice            72%        1d11      8%          3
s - Ozocubu's Armour      Ice            36%        N/A       8%          3

Your spell library contained the following spells:

 Spells                   Type           Power      Damage    Failure   Level
 Summon Ice Beast         Ice/Summ       22%        N/A       65%         4
 Tukima's Dance           Hex            7%         N/A       71%         3
 Passage of Golubria      Tloc           7%         N/A       97%         4
 Yara's Violent Unravell  Hex/Tmut       3%         3d4       100%        5


Dungeon Overview and Level Annotations

Branches:
Dungeon (5/15)
 Temple: D:4-7

Altars:
Elyvilon
Fedhas
Makhleb
Uskayaw
Zin
The Shining One

Shops:
D:2 ::!


Message History

* * * LOW HITPOINT WARNING * * *
Unknown command.
Reach: e) +0 spear (venom)
Press: ? - help, Dir - move target, f/p - phantom
Aim: a phantom (severely damaged, about 49% to evade your +0 spear of venom)
You miss the phantom.
The phantom is severely damaged.
The phantom hits you.
* * * LOW HITPOINT WARNING * * *
The phantom blinks!
You blink.
You block the phantom's attack.
Reach: e) +0 spear (venom)
Press: ? - help, Dir - move target, f/p - phantom
Aim: a phantom (severely damaged, about 49% to evade your +0 spear of venom)
You barely miss the phantom.
The phantom is severely damaged.
The phantom closely misses you.
Your magical contamination has completely faded away.
Reach: e) +0 spear (venom)
Press: ? - help, Dir - move target, f/p - phantom
Aim: a phantom (severely damaged, about 49% to evade your +0 spear of venom)
You hit the phantom.
The phantom is severely damaged.
You block the phantom's attack. The phantom barely misses you.
Unknown command.
Reach: e) +0 spear (venom)
Press: ? - help, Dir - move target, f/p - phantom
Aim: a phantom (severely damaged, about 49% to evade your +0 spear of venom)
You hit the phantom but do no damage.
The phantom is severely damaged.
The phantom closely misses you.
Unknown command.
Reach: e) +0 spear (venom)
Press: ? - help, Dir - move target, f/p - phantom
Aim: a phantom (severely damaged, about 49% to evade your +0 spear of venom)
You miss the phantom.
The phantom is severely damaged.
The phantom hits you.
* * * LOW HITPOINT WARNING * * *
The phantom hits you.
You die...

######### ........# #.#
#.######
#.>...W##########
#.###..@........########
#.# ##.######..........#
......†.# ###
#.#.######.# ..#...###
#.#.# #.# ...... #.#.#
#.# .#... #.#.## #.#
..... #..#.# #.# .#..
#.#..# #<# ...
#.##.#####.#


You could see a phantom.

Vanquished Creatures
  An ogre (D:4)
  A phantom (D:4)
  2 kobold brigands (D:3)
  2 scorpions
  An orc priest (D:4)
  2 iguanas (D:4)
  An orc wizard (D:4)
  6 adders
  2 white imps (D:4)
  An ufetubus (D:5)
  A worm (D:3)
  9 orcs (D:4)
  6 ball pythons
  4 endoplasms
  5 giant cockroaches
  9 goblins
  8 hobgoblins
  6 jackals
  2 quokkas (D:4)
  3 bats
  2 frilled lizards
  15 kobolds
  2 rats (D:1)
91 creatures vanquished.

Notes
Turn   | Place    | Note
-------+----------+-------------------------------------------
     0 | D:1      | mopl the Deep Elf Ice Elementalist began the quest for the
                  | Orb.
     0 | D:1      | Reached XP level 1. HP: 10/10 MP: 6/6
   132 | D:1      | Found a faded altar of an unknown god.
   406 | D:1      | Reached XP level 2. HP: 15/15 MP: 5/8
   972 | D:2      | Found Zemo's Book Boutique.
  1014 | D:2      | Found Lyruzod's Distillery.
  1024 | D:2      | Bought 2 potions of curing for 84 gold pieces
  1222 | D:2      | Found Waunleatt's Book Shoppe.
  1234 | D:2      | Reached skill level 4 in Spellcasting
  1234 | D:2      | Reached skill level 5 in Ice Magic
  1234 | D:2      | Reached XP level 3. HP: 13/19 MP: 4/10
  1606 | D:2      | Learned a level 3 spell: Frozen Ramparts
  1610 | D:2      | Learned a level 3 spell: Ozocubu's Armour
  1694 | D:3      | Found a hide-covered altar of Uskayaw.
  1892 | D:3      | Found a blossoming altar of Fedhas.
  1949 | D:3      | Found a white marble altar of Elyvilon.
  1950 | D:3      | Found a glowing silver altar of Zin.
  1950 | D:3      | Found a glowing golden altar of the Shining One.
  2048 | D:3      | Noticed a kobold brigand
  2054 | D:3      | Reached XP level 4. HP: 13/24 MP: 1/12
  2055 | D:3      | Noticed a kobold brigand
  2056 | D:3      | Killed a kobold brigand
  2057 | D:3      | Reached skill level 1 in Fighting
  2057 | D:3      | Reached skill level 5 in Spellcasting
  2240 | D:3      | Reached XP level 5. HP: 29/29 MP: 14/14
  2411 | D:3      | Reached skill level 2 in Fighting
  2581 | D:4      | Reached skill level 6 in Ice Magic
  2805 | D:4      | Reached XP level 6. HP: 34/35 MP: 12/16
  3378 | D:4      | Reached skill level 6 in Spellcasting
  3481 | D:4      | Reached skill level 1 in Shields
  3481 | D:4      | Reached XP level 7. HP: 31/40 MP: 11/18
  3510 | D:4      | Reached skill level 3 in Fighting
  3976 | D:4      | Found a burning altar of Makhleb.
  3976 | D:4      | Noticed an Executioner
  3995 | D:5      | Entered Level 5 of the Dungeon
  4072 | D:5      | Slain by a phantom

Illustrated notes

Levels and vault maps discovered:
D:1:      grunt_arrival_lava_bath, layout_basic, nicolae_ecumenical_lake_church
D:2:      layout_basic, serial_shops, nicolae_shop_getting_attention,
          nicolae_square_shop, nicolae_shop_tiny_statue_garden
D:3:      cheibrodos_thug_alley, layout_loops_cross,
          dreamdust_divine_triumvirate, old_standard_altar, fedhas_altar_1
D:4:      minmay_diamond_boxcup, layout_basic, makhleb_altar_promises_db,
          minmay_quadrilaterals
D:5:      layout_loops_ring, nicolae_overflow_crystal_walls, minitemple,
          uniq_sigmund, uniq_blork_the_orc

Skill      XL: |  1  2  3  4  5  6  7 |
---------------+----------------------+-----
Spellcasting   | 4 5 6 |  6.6
Ice Magic      | 5 6 |  6.6
Fighting       | 1 2 3 |  3.1
Shields        | 1 |  1.7
Dodging        | |  2.4
Stealth        | |  2.4

Action                     |  1- 3 |  4- 6 |  7- 9 || total
---------------------------+-------+-------+-------++-------
  Melee: Spear             |    38 |    71 |    52 ||   161
         Unarmed           |     1 |       |       ||     1
   Cast: Freeze            |    33 |    17 |    18 ||    68
         Frozen Ramparts   |     3 |     6 |     4 ||    13
         Ozocubu's Armour  |     1 |     5 |     5 ||    11
    Use: Potion            |       |     2 |       ||     2
   Stab: Sleeping          |     7 |     5 |     1 ||    13
         Distracted        |       |       |     1 ||     1
 Armour: Robe              |     4 |    14 |    18 ||    36
  Dodge: Dodged            |    25 |    31 |    30 ||    86
  Block: Kite shield       |       |     4 |    17 ||    21

Table legend: (Time is in decaauts)
 A = Elapsed time spent in this place.
 B = Non-inter-level travel time spent in this place.
 C = Inter-level travel time spent in this place.
 D = Time resting spent in this place.
 E = Time spent auto-exploring this place.
 F = Levels seen in this place.
 G = Mean time per level.
                   A        B        C        D        E       F      G
               +--------+--------+--------+--------+--------+-----+--------+
         Total |   4122 |   3989 |    133 |    511 |   2770 |   5 |  824.4 |
       Dungeon |   4122 |   3989 |    133 |    511 |   2770 |   5 |  824.4 |
               +--------+--------+--------+--------+--------+-----+--------+

Top non-repeatable levels by time:
     D:4: 1492 daAuts
     D:2: 922 daAuts
     D:3: 827 daAuts
     D:1: 791 daAuts
     D:5: 88 daAuts
